 Dungeon Crawl Stone Soup version 0.28.0-1-gb440e238dd (webtiles) character file.

Game seed: 14209140923299783201

175 croobank the Skirmisher (level 5, -3/47 HPs)
             Began as a Hill Orc Fighter on Feb 27, 2022.
             Slain by Grinder (9 damage)
             ... while paralysed by Grinder
             ... on level 3 of the Dungeon.
             The game lasted 00:09:03 (3235 turns).

croobank the Skirmisher (Hill Orc Fighter)          Turns: 3235, Time: 00:09:03

Health: -3/47      AC:  8    Str: 21    XL:     5   Next: 55%
Magic:  5/5        EV:  2    Int:  8    God:
Gold:   137        SH:  0    Dex: 10    Spells: 4/4 levels left

rFire   + . .      SeeInvis +   a - +0 war axe
rCold   . . .      Faith    .   c - +0 buckler
rNeg    . . .      Spirit   .   i - +0 scale mail
rPois   .          Reflect  .   o - +0 helmet
rElec   .          Harm     .   (no cloak)
rCorr   .          Rampage  .   (no gloves)
Will    .....                   (no boots)
Stlth   ..........              k - amulet of magic regeneration
HPRegen 0.15/turn               h - ring of see invisible
MPRegen 0.49/turn               j - ring of protection from fire

@: paralysed, mighty
A: no striking features
a: no special abilities


You were on level 3 of the Dungeon.
You visited 1 branch of the dungeon, and saw 3 of its levels.

You collected 137 gold pieces.

Inventory:

Hand Weapons
 a - a +0 war axe (weapon)
 b - a +0 hunting sling
 l - a +0 dagger of speed
 m - a +4 dagger
 n - a +0 dagger of venom
Missiles
 p - 74 sling bullets
 q - 75 stones (quivered)
Armour
 c - a +0 buckler (worn)
 i - a +0 scale mail (worn)
 o - a +0 helmet (worn)
Jewellery
 f - a ring of fire
 h - a ring of see invisible (left hand)
 j - a ring of protection from fire (right hand)
 k - an amulet of magic regeneration (around neck)
Scrolls
 s - a scroll of identify
 t - a scroll of immolation {unknown}
Potions
 e - a potion of mutation {unknown}
 r - a potion of heal wounds {unknown}
 u - a potion of brilliance {unknown}


   Skills:
 + Level 4.8 Fighting
 + Level 4.3 Axes
 + Level 4.4 Armour
 + Level 4.3 Shields


You had 4 spell levels left.
You didn't know any spells.
Your spell library contained the following spells:

 Spells                   Type           Power      Damage    Failure   Level
 Frozen Ramparts          Ice            0%         1d2       99%         3
 Gell's Gravitas          Tloc           0%         N/A       99%         3
 Teleport Other           Tloc           0%         N/A       99%         3
 Ice Form                 Ice/Tmut       0%         N/A       100%        4
 Summon Ice Beast         Ice/Summ       0%         N/A       100%        4
 Dispersal                Tloc           0%         N/A       100%        6


Dungeon Overview and Level Annotations

Branches:
Dungeon (3/15)

Altars:
Elyvilon
Kikubaaqudgha

Annotations:
D:3 Grinder


Message History

You barely miss Grinder.
Grinder is lightly wounded.
Grinder gestures at you. Pain shoots through your body!
You slash Grinder!
Grinder is heavily wounded.
Grinder gestures at you. Pain shoots through your body!
* * * LOW HITPOINT WARNING * * *
You completely miss Grinder.
Grinder is heavily wounded.
Grinder hits you but does no damage. You block Grinder's attack.
You closely miss Grinder.
Grinder is heavily wounded.
Grinder hits you.
* * * LOW HITPOINT WARNING * * *
You feel better. You block Grinder's attack.
You barely miss Grinder.
Grinder is heavily wounded.
Grinder hits you but does no damage.
You barely miss Grinder.
Grinder is heavily wounded.
Grinder says, "Make like a tree!"
Grinder hits you.
* * * LOW HITPOINT WARNING * * *
Grinder gestures at you. Pain shoots through your body!
* * * LOW HITPOINT WARNING * * *
This is a scroll of acquirement!
Something appears at your feet! Grinder completely misses you.
Okay, then.
You feel better. Grinder closely misses you.
You feel better. You block Grinder's attack. Grinder gestures at you.
You suddenly lose the ability to move!
Grinder gestures at you. Pain shoots through your body!
* * * LOW HITPOINT WARNING * * *
Grinder hits you!
You die...

#.#.# ... #.#.#
#.# #####.... #.#
# #........ #.#.#
#.#####.. ##<#.
#.# #.. ...
#.#####.. ##.#
#>....... ##5@#
#.#####..
####...########.#
#.#
+...".))........#
#..
##.......######.#
#.# #.##..#.#
#.#####.# #.
##.#.# #.......#
# #.#.# ####.####
#.#.# #.# #.#.#
#.#


You could see Grinder.

Vanquished Creatures
  Natasha (twice) (D:2)
  Robin (D:2)
  3 adders
  A worm (D:2)
  A dart slug (D:1)
  6 ball pythons
  5 endoplasms
  2 giant cockroaches
  12 goblins
  10 hobgoblins
  7 jackals
  7 kobolds
  2 quokkas (D:1)
  4 bats
  4 frilled lizards
  7 rats
74 creatures vanquished.

Notes
Turn   | Place    | Note
-------+----------+-------------------------------------------
     0 | D:1      | croobank the Hill Orc Fighter began the quest for the Orb.
     0 | D:1      | Reached XP level 1. HP: 19/19 MP: 1/1
   130 | D:1      | Reached XP level 2. HP: 24/27 MP: 2/2
   573 | D:1      | Reached XP level 3. HP: 29/33 MP: 3/3
   865 | D:1      | Found a faded altar of an unknown god.
  1535 | D:2      | Noticed Robin
  1557 | D:2      | Killed Robin
  1558 | D:2      | Reached XP level 4. HP: 15/40 MP: 4/4
  1850 | D:2      | Noticed Natasha
  1865 | D:2      | Killed Natasha
  2062 | D:2      | Found an ancient bone altar of Kikubaaqudgha.
  2331 | D:2      | Reached XP level 5. HP: 41/47 MP: 5/5
  2553 | D:2      | Noticed Natasha
  2561 | D:2      | Killed Natasha
  2922 | D:3      | Found a white marble altar of Elyvilon.
  3204 | D:3      | Noticed Grinder
  3208 | D:3      | Paralysed by Grinder for 5 turns
  3227 | D:3      | HP: 2/47 [Grinder/nerve-wracking pain (6)]
  3228 | D:3      | Identified a scroll of acquirement
  3228 | D:3      | Acquired the amulet "Runahu" {Reflect rPois Will++ rCorr
                  | Int-2 Slay+4 SH+5}
  3232 | D:3      | Paralysed by Grinder for 4 turns
  3235 | D:3      | Slain by Grinder

Illustrated notes

Levels and vault maps discovered:
D:1:      ncdulo_smallfort, layout_loops_corners,
          shapermc_ecumenical_altar_pompeii, serial_park_tiny_1,
          amcnicky_mini_corridor_feature
D:2:      layout_basic, basic_altar, kennysheep_donut, uniq_robin, uniq_natasha
D:3:      layout_loops_corners, mainiacjoe_overflow_alcove_2,
          chequers_serial_rivers_micro_e, uniq_sigmund, uniq_grinder

Skill      XL: |  1  2  3  4 |
---------------+-------------+-----
Axes           | 3 4 |  4.3
Fighting       | 4 |  4.8
Armour         | 4 |  4.4
Shields        | 4 |  4.3

Action                   |  1- 3 |  4- 6 || total
-------------------------+-------+-------++-------
Melee: War axe           |   132 |    90 ||   222
  Use: Scroll            |       |     5 ||     5
       Potion            |       |     4 ||     4
Armor: Scale mail        |    76 |    67 ||   143
Dodge: Dodged            |    65 |    45 ||   110
Block: Buckler           |    28 |    19 ||    47
